 Dungeon Crawl Stone Soup version 0.30-b1-2-g02819fbbbe (webtiles) character file.

Game seed: 247531932833760661

28 HoaS the Shooter (level 2, -3/24 HPs)
             Began as a Demigod Hunter on May 14, 2023.
             Slain by an orc wizard
             ... wielding a +0 dagger
              (4 damage)
             ... on level 4 of the Dungeon.
             The game lasted 00:03:08 (1225 turns).

HoaS the Shooter (Demigod Hunter)                   Turns: 1225, Time: 00:03:08

Health: -3/24      AC:  3    Str: 12    XL:     2   Next: 78%
Magic:  4/4        EV: 12    Int: 11    God:
Gold:   1236       SH:  0    Dex: 17    Spells: 1/1 levels left

rFire   . . .        a - +0 shortbow
rCold   . . .        (shield currently unavailable)
rNeg    . . .        c - +0 leather armour
rPois   .            (no helmet)
rElec   .            (no cloak)
rCorr   .            (no gloves)
SInv    .            (no boots)
Will    .....        (no amulet)
Stlth   +            (no ring)
HPRegen 0.24/turn    (no ring)
MPRegen 0.09/turn

%: no passive effects
@: confused
A: high MP 1, forlorn, divine attributes
a: no special abilities


You were on level 4 of the Dungeon.
You visited 1 branch of the dungeon, and saw 3 of its levels.

You collected 1236 gold pieces.

Inventory:

Hand Weapons
 a - a +0 shortbow (weapon)
Armour
 c - a +0 leather armour (worn)
Scrolls
 b - a scroll of immolation
 e - a scroll of teleportation
 h - a scroll of poison {unknown}
Potions
 d - a potion of heal wounds {unknown}
 f - a potion of might {unknown}
 g - a potion of brilliance {unknown}


   Skills:
 - Level 1.7 Fighting
 + Level 4.5 Ranged Weapons
 - Level 1.7 Dodging
 - Level 0.8 Stealth


You had one spell level left.
You didn't know any spells.
Your spell library contained the following spells:

 Spells                   Type           Power      Damage    Failure   Level
 Ensorcelled Hibernation  Hex/Ice        0%         N/A       56%         2
 Call Canine Familiar     Summ           0%         N/A       80%         3
 Portal Projectile        Hex/Tloc       0%         N/A       80%         3
 Spider Form              Tmut/Pois      0%         N/A       80%         3
 Anguish                  Hex/Necr       0%         N/A       99%         4
 Leda's Liquefaction      Hex/Erth       0%         N/A       99%         4


Dungeon Overview and Level Annotations

Branches:
Dungeon (2/15)


Innate Abilities, Weirdness & Mutations

You have an increased reservoir of magic. (+10% MP)
You shall have no god before yourself.
Your divine heritage dramatically boosts your attributes as you level up.


Message History

You shoot an arrow. Something hits you.
You shoot an arrow.
The arrow hits the orc but does no damage.
Something hits you but does no damage.
You shoot an arrow.
You hear some strange, mumbled words.
A magic dart appears from out of thin air!
The magic dart hits you. Something barely misses you.
The hobgoblin barely misses you.
You shoot an arrow. Something hits you. The hobgoblin hits you.
You shoot an arrow. The hobgoblin hits you.
Something hits you but does no damage.
You shoot an arrow. The hobgoblin misses you.
Something hits you but does no damage. x2; The hobgoblin hits you.
You shoot an arrow.
The hobgoblin hits you but does no damage.
You hear some strange, mumbled words.
A magic dart appears from out of thin air!
The magic dart hits you.
* * * LOW HITPOINT WARNING * * *
You shoot an arrow.
The hobgoblin hits you but does no damage.
Something hits you.
* * * LOW HITPOINT WARNING * * *
You shoot an arrow. The hobgoblin hits you.
* * * LOW HITPOINT WARNING * * *
You hear some strange, mumbled words.
You are confused.
Something hits you but does no damage. The hobgoblin barely misses you.
You clumsily bash something but do no damage.
The hobgoblin barely misses you. Something hits you but does no damage.
You bump into the rock wall.
The hobgoblin barely misses you. Something hits you.
* * * LOW HITPOINT WARNING * * *
You bump into the rock wall.
The hobgoblin hits you but does no damage.
Something hits you.
* * * LOW HITPOINT WARNING * * *
You're too confused to move!
Something hits you.
You die...

o. #.#####
#.o...###########.
#..###.............
#.. #.o##......##
#...###..##.###.##
.. #......##.# #.#
............o{###.#
. ###......###@##.#
#......# #g.#.#
##.#...# #....#
#.###............#
##
.........###.....
.#........# #...
###.....#.# ..
##...##.# ###. #..


You could see an orc and a hobgoblin.

Vanquished Creatures
  3 dart slugs
  3 ball pythons
  3 endoplasms
  2 hobgoblins
  4 bats
  2 frilled lizards (D:2)
  2 kobolds
  4 rats (D:1)
23 creatures vanquished.

Notes
Turn   | Place    | Note
-------+----------+-------------------------------------------
     0 | D:1      | HoaS the Demigod Hunter began the quest for the Orb.
     0 | D:1      | Reached XP level 1. HP: 17/17 MP: 3/3
   227 | D:1      | Reached skill level 4 in Ranged Weapons
   330 | D:1      | Reached XP level 2. HP: 24/24 MP: 4/4
   617 | D:2      | Identified a scroll of acquirement
   617 | D:2      | Acquired 1112 gold pieces
  1178 | D:2      | You fall into a shaft and drop 2 floors!
  1224 | D:4      | HP: 1/24 [something (2)]
  1225 | D:4      | Slain by an orc wizard

Illustrated notes

Levels and vault maps discovered:
D:1:      minmay_arrival_plants_in_alcoves, layout_loops_ring,
          minmay_pentomino_q2
D:2:      layout_loops_ring, serial_rivers, chequers_serial_rivers_large_a,
          chequers_serial_rivers_micro_b, chequers_serial_rivers_micro_d,
          chequers_serial_rivers_micro_d, chequers_serial_rivers_marsh,
          chequers_serial_rivers_micro_b, hangedman_abyss_or_decor_stabs
D:4:      layout_loops_ring

Skill      XL: |  1 |
---------------+----+-----
Ranged Weapons | 4 |  4.5
Fighting       | |  1.7
Dodging        | |  1.7
Stealth        | |  0.8

Action                     || total
---------------------------++-------
  Melee: Shortbow          ||     1
   Fire: Shortbow          ||    67
    Use: Scroll            ||     6
 Armour: Leather armour    ||    23
  Dodge: Dodged            ||    22
